Selects Luftwaffe Battlegroup
Selects Luftwaffe Pioneer Support
Fallschirmpioneer Squad Paradrop
Construct Infanterie Kompanie
Selects Flak 38 Anti-Air Emplacement
Construct Panzergrenadier Kompanie
Fallschirmpioneer Squad Paradrop
Pak 40 Anti-tank Gun Team
Selects Infantry Reserves
Selects Stuka Strafing Run
Selects Fallschirmjäger Squad Paradrop
Construct Luftwaffe Kompanie
Nebelwerfer 42 Rocket Launcher Team